cohdb
Replays
Latest Replays
All Replays
Popular Replays
Top Player Replays
Match Explorer
How It Works
Community
CoH3 Stats
Reddit
Sign in to upload your games and track your stats! →
Sign in with Steam
Match 45234020
Unlisted
Match 45234020
Overview
Messages
Build Orders
End
Panzergrenadier Squad
Selects Battlefield Espionage Battlegroup
250 Light Carrier
Construct Light Support Kompanie
Panzergrenadier Squad
Selects 250/3 Funkpanzerwagen
MG34 Team
Panzerjäger Squad
Fire Support Elements
Pak 38 Mechanized Group
Selects Intel Disruption Beacon
Toasty McToastFace
Thunderhill
mentoss
爱打游戏的啥子
BaronVonKieselberg
鲱鱼兔子
[PD] PragerSchinken
[OldMetal]Mario
0
0
Comments
sign in to comment!
No comments posted yet!